 Dungeon Crawl Stone Soup version 0.29.1-15-g9cfb28693d (webtiles) character file.

Game seed: 3360056332555688621

250 Cheops the Slasher (level 5, -13/38 HPs)
             Began as a Demonspawn Gladiator on Apr 6, 2023.
             Killed by divine providence
             ... invoked by an orc priest
              (15 damage)
             ... on level 4 of the Dungeon.
             The game lasted 00:04:53 (3668 turns).

Cheops the Slasher (Demonspawn Gladiator)           Turns: 3668, Time: 00:04:54

Health: -13/38     AC:  5    Str: 16    XL:     5   Next: 88%
Magic:  5/5        EV: 12    Int:  9    God:
Gold:   314        SH:  0    Dex: 15    Spells: 4/4 levels left

rFire   . . .      SeeInvis .   a - +0 long sword
rCold   . . .      Faith    .   (no shield)
rNeg    . . .      Spirit   .   b - +0 leather armour
rPois   .          Reflect  .   c - +0 helmet
rElec   .          Harm     .   (no cloak)
rCorr   .          Rampage  .   l - +0 pair of gloves
Will    .....                   (no boots)
Stlth   +.........              (no amulet)
HPRegen 0.12/turn               (no ring)
MPRegen 0.09/turn               (no ring)

@: no status effects
A: foul stench 2, demonic touch 2
a: no special abilities


You were on level 4 of the Dungeon.
You visited 1 branch of the dungeon, and saw 4 of its levels.

You collected 314 gold pieces.

Inventory:

Hand Weapons
 a - a +0 long sword (weapon)
Missiles
 d - 3 throwing nets (quivered)
 e - a javelin
Armour
 b - a +0 leather armour (worn)
 c - a +0 helmet (worn)
 h - the +1 plate armour of Hairiness {rC+}
   (You took it off a goblin on level 2 of the Dungeon)

   rC:        It protects you from cold.
 k - the +1 kite shield of the Pink Corner {Stlth+}
   (You found it on level 3 of the Dungeon)

   Stlth:     It makes you more stealthy.
 l - a +0 pair of gloves (worn)
Wands
 n - a wand of roots (8)
 o - a wand of mindburst (19)
Scrolls
 g - a scroll of identify {unknown}
 i - a scroll of enchant weapon {unknown}
 j - a scroll of vulnerability {unknown}
 m - a scroll of enchant armour {unknown}
Potions
 f - a potion of heal wounds {unknown}
 p - a potion of mutation {unknown}
 q - a potion of degeneration {unknown}
 r - a potion of might {unknown}


   Skills:
 - Level 2.0 Fighting
 + Level 6.1 Long Blades
 - Level 1.7 Throwing
 - Level 2.6 Dodging


You had 4 spell levels left.
You didn't know any spells.
Your spell library contained the following spells:

 Spells                   Type           Power      Damage    Failure   Level
 Ensorcelled Hibernation  Hex/Ice        0%         N/A       58%         2
 Spider Form              Tmut/Pois      0%         N/A       83%         3
 Anguish                  Hex/Necr       0%         N/A       99%         4
 Fulminant Prism          Conj/Hex       0%         3d6       99%         4
 Iskenderun's Mystic Bla  Conj/Tloc      0%         2d3       99%         4
 Lee's Rapid Deconstruct  Erth           0%         3d5*      100%        5


Dungeon Overview and Level Annotations

Branches:
Dungeon (4/15)
 Temple: D:4-7

Altars:
Okawaru
Qazlal
Yredelemnul


Innate Abilities, Weirdness & Mutations

You sometimes emit foul miasma when damaged in melee.
Your touch may inflict irresistible damage on your foes.


Message History

Found a club.
No target in view!
No target in view!
No target in view!
No target in view!
No target in view!
No target in view!
No target in view!
An orc comes into view.
It is wielding a +1 dagger of electrocution.
The orc moves out of view.
The orc shouts!
There are monsters nearby!
The orc priest shouts!
You hear a shout! x2
An orc wizard comes into view. It is wielding a +0 dagger.
The orc priest invokes the aid of Beogh against you.
Beogh smites you!
An orc comes into view. It is wielding a +0 short sword.
You are too injured to fight recklessly!
You are too injured to fight recklessly!
You are too injured to fight recklessly!
You are too injured to fight recklessly!
You are too injured to fight recklessly!
You are too injured to fight recklessly!
There are monsters nearby!
There are monsters nearby!
There are monsters nearby!
The orc priest begins to cast a cantrip, but forgets the words!
The orc hits you with a +1 dagger of electrocution.
You are electrocuted!
* * * LOW HITPOINT WARNING * * *
You hit the orc.
You touch the orc.
You kill the orc!
The orc priest calls down the wrath of Beogh upon you.
Beogh smites you!
* * * LOW HITPOINT WARNING * * *
An orc comes into view. It is wielding a +0 club.
The orc shouts!
The orc priest invokes the aid of Beogh against you.
Beogh smites you!
You die...

### . #.#### ...
#....#
...oo#########.##.##
....oo.@.....#.#...#
.....#######.#.#...#
... #.#.#...# .
#.#.#...# #.#.#...#
#.#.##.##
#.#.##.######
########.#.#........
#>.......#.#.)......


You could see an orc priest, an orc wizard and 2 orcs.

Vanquished Creatures
  An ogre (D:4)
  An orc priest (D:4)
  An orc wizard (D:4)
  2 adders
  3 worms
  A dart slug (D:3)
  3 orcs (D:4)
  8 ball pythons
  10 bats
  6 endoplasms
  A giant cockroach (D:3)
  8 goblins
  5 hobgoblins
  3 jackals
  6 kobolds
  3 quokkas
  5 frilled lizards
  5 rats
72 creatures vanquished.

Vanquished Creatures (others)
  3 toadstools (D:2)
3 creatures vanquished.

Grand Total: 75 creatures vanquished

Notes
Turn   | Place    | Note
-------+----------+-------------------------------------------
     0 | D:1      | Cheops the Demonspawn Gladiator began the quest for the
                  | Orb.
     0 | D:1      | Reached XP level 1. HP: 16/16 MP: 1/1
   110 | D:1      | Found a faded altar of an unknown god.
   168 | D:1      | Reached skill level 3 in Long Blades
   314 | D:1      | Gained mutation: Your touch may inflict minor irresistible
                  | damage on your foes. [demonic ancestry]
   314 | D:1      | Reached XP level 2. HP: 16/22 MP: 2/2
   680 | D:1      | Gained mutation: You may rarely emit foul miasma when
                  | damaged in melee. [demonic ancestry]
   680 | D:1      | Reached XP level 3. HP: 27/27 MP: 3/3
   990 | D:2      | Reached skill level 4 in Long Blades
  1060 | D:2      | Identified the +5 whip of Goxuubla {flame, rC++ Int+4}
  1317 | D:2      | Identified the +1 plate armour of Hairiness {rC+}
  1691 | D:3      | Gained mutation: Your touch may inflict irresistible damage
                  | on your foes. [demonic ancestry]
  1691 | D:3      | Reached XP level 4. HP: 33/33 MP: 4/4
  2059 | D:3      | Identified the +1 kite shield of the Pink Corner {Stlth+}
  3060 | D:4      | Reached skill level 5 in Long Blades
  3065 | D:4      | Gained mutation: You sometimes emit foul miasma when
                  | damaged in melee. [demonic ancestry]
  3065 | D:4      | Reached XP level 5. HP: 23/38 MP: 5/5
  3214 | D:4      | Found a stormy altar of Qazlal.
  3218 | D:4      | Found a basalt altar of Yredelemnul.
  3219 | D:4      | Found an iron altar of Okawaru.
  3420 | D:4      | Noticed an ogre
  3427 | D:4      | Killed an ogre
  3428 | D:4      | Reached skill level 6 in Long Blades
  3668 | D:4      | Killed from afar by an orc priest

Illustrated notes

Levels and vault maps discovered:
D:1:      lemuel_arrival_tunnels, layout_rooms,
          hellmonk_ecumenical_altar_slurped_away, due_unseen_surprise
D:2:      layout_loops_ring, minmay_gold_behind_fungi, moated_statue,
          chequers_serial_rivers_micro_d, nicolae_wormholes
D:3:      layout_basic, serial_co_window_serial, co_window_paths_b,
          co_window_paths_a, co_window_paths_a, co_window_corner_a,
          co_window_paths_a, co_window_corner_b, co_window_paths_c,
          co_window_paths_c, co_window_paths_e, co_window_sun, glass_columns_a,
          glass_columns_a, glass_columns_a, glass_columns_a, serial_bayou_pond_e
D:4:      layout_basic, grunt_temple_overflow_open, kennysheep_flooded_box

Skill      XL: |  1  2  3  4  5 |
---------------+----------------+-----
Long Blades    | 3 4 5 6 |  6.1
Fighting       | |  2.0
Throwing       | |  1.7
Dodging        | |  2.6

Action                   |  1- 3 |  4- 6 || total
-------------------------+-------+-------++-------
Melee: Long sword        |   102 |    52 ||   154
       Touch             |    12 |     8 ||    20
 Stab: Sleeping          |     3 |       ||     3
Armor: Leather armour    |    37 |    19 ||    56
Dodge: Dodged            |    70 |    28 ||    98
